 Dungeon Crawl Stone Soup version 0.17.1-1-g73c8601 (console) character file.

123 Kloppie the Skirmisher (level 4, -2/57 HPs)
             Began as a Demonspawn Berserker on Dec 21, 2015.
             Was a Believer of Trog.
             Slain by an orc
             ... wielding a +0 flail
              (9 damage)
             ... on level 3 of the Dungeon.
             The game lasted 00:02:59 (2156 turns).

Kloppie the Skirmisher (Demonspawn Berserker)       Turns: 2156, Time: 00:02:59

Health: -2/57      AC:  6    Str: 22    XL:     4   Next: 80%
Magic:  4/4        EV: 10    Int:  9    God:    Trog [**....]
Gold:   78         SH:  0    Dex: 13    Spells: 0 memorised, 3 levels left

rFire  . . .     SeeInvis .     a - +0 falchion
rCold  . . .     Clarity  .     e - +0 scale mail
rNeg   . . .     SustAt   .     (no shield)
rPois  .         Gourm    .     (helmet restricted)
rElec  .         Spirit   .     (no cloak)
rCorr  .         Warding  .     (no gloves)
rMut   .         Stasis   .     (no boots)
MR     .....                    (no amulet)
Stlth  ..........               (no ring)
                                (no ring)

@: berserking, very quick, not resistant to hostile enchantments, extremely
unstealthy
A: antennae 1, demonic guardian 1
a: Berserk, Trog's Hand, Burn Spellbooks, Renounce Religion


You were on level 3 of the Dungeon.
You worshipped Trog.
Trog was pleased with you.
You were not hungry.

You visited 1 branch of the dungeon, and saw 3 of its levels.

You collected 78 gold pieces.

Inventory:

Hand Weapons
 a - a +0 falchion (weapon)
Armour
 e - a +0 scale mail (worn)
 k - a +0 buckler
Scrolls
 d - 2 scrolls of remove curse {unknown}
 h - 2 scrolls of teleportation {unknown}
 i - a scroll of identify {unknown}
 l - a scroll of blinking {unknown}
Potions
 f - a potion of heal wounds {unknown}
 j - a potion of curing {unknown}
 m - a potion of cancellation {unknown}
Comestibles
 c - 4 bread rations


   Skills:
 + Level 4.3 Fighting
 + Level 4.1 Long Blades
 - Level 1.7 Armour
 - Level 1.7 Dodging


You had 3 spell levels left.
You didn't know any spells.

Dungeon Overview and Level Annotations

Branches:
Dungeon (3/15)

Altars:


Innate Abilities, Weirdness & Mutations

You have a pair of small antennae on your head.
A weak demonic guardian rushes to your aid.


Message History

Trog accepts your kill.
The orc throws a tomahawk.
The tomahawk barely misses you.
An orc comes into view. It is wielding a flail.
The orc shouts!
The orc closely misses you.
You hit the orc.
The orc is heavily wounded.
The orc hits you but does no damage.
You barely miss the orc.
The orc is heavily wounded.
The orc hits you with a hand axe of electrocution.
* * * LOW HITPOINT WARNING * * *
You closely miss the orc.
The orc is heavily wounded.
The orc misses you. The orc hits you but does no damage.
You are electrocuted!
* * * LOW HITPOINT WARNING * * *
A red film seems to cover your vision as you go berserk!
You feel yourself moving faster!
You feel mighty!
You feel somewhat more hungry. The orc hits you with a flail!
You die...

......#....#
..######....# #.# .
######....# #.#.
.......<..# .#...
###...###.###...#####
#...#.......#.#...
#...#.#.#####.#.#
#..........o....#
##...<..##oo@..(#
##.######.##...####
#........###.....#
...(.....###..##......
.............# ..##.
................###
###.....######.##
####..# .# ....# .


You could see 3 orcs.

Vanquished Creatures
  7 adders
  An ooze (D:1)
  2 worms (D:2)
  An orc (D:3)
  9 hobgoblins
  2 quokkas (D:2)
  6 bats
  3 giant newts
  5 goblins (D:1)
  2 jackals (D:2)
  10 kobolds
  4 rats (D:1)
52 creatures vanquished.

Notes
Turn   | Place    | Note
--------------------------------------------------------------
     0 | D:1      | Kloppie the Demonspawn Berserker began the quest for the Orb.
     0 | D:1      | Reached XP level 1. HP: 18/18 MP: 1/1
   320 | D:1      | Gained mutation: You have a pair of small antennae on your head. [demonic ancestry]
   320 | D:1      | Reached XP level 2. HP: 24/24 MP: 2/2
   739 | D:1      | Reached ** piety under Trog
   786 | D:2      | Gained mutation: A weak demonic guardian rushes to your aid. [demonic ancestry]
   786 | D:2      | Reached XP level 3. HP: 27/29 MP: 3/3
  1192 | D:2      | Reached skill level 4 in Fighting
  1192 | D:2      | Reached XP level 4. HP: 35/37 MP: 4/4
  2156 | D:3      | Slain by an orc

Action                   |  1- 3 |  4- 6 || total
-------------------------+-------+-------++-------
Melee: Falchion          |   163 |    92 ||   255
Invok: Berserk           |       |     1 ||     1
 Stab: Distracted        |     1 |       ||     1
  Eat: Chunk             |     1 |     2 ||     3
       Meat ration       |       |     1 ||     1
